 Dungeon Crawl Stone Soup version 0.28.0-53-g5a82cb258f (webtiles) character file.

Game seed: 13540980781599349267

400 dranuc9 the Conjurer (level 6, -2/32 HPs)
             Began as a Deep Elf Conjurer on July 3, 2022.
             Slain by a gnoll
             ... wielding a +0 halberd
              (7 damage)
             ... on level 6 of the Dungeon.
             The game lasted 00:19:51 (2892 turns).

dranuc9 the Conjurer (Deep Elf Conjurer)            Turns: 2892, Time: 00:19:52

Health: -2/32      AC:  3    Str:  4    XL:     6   Next: 54%
Magic:  17/17      EV: 12    Int: 25    God:
Gold:   86         SH:  0    Dex: 13    Spells: 14/17 levels left

rFire   . . .      SeeInvis .   d - +1 dagger (vamp)
rCold   . . .      Faith    .   (no shield)
rNeg    . . .      Spirit   .   a - +0 robe
rPois   .          Reflect  .   (no helmet)
rElec   .          Harm     .   (no cloak)
rCorr   .          Rampage  .   e - +0 pair of gloves
Will    .....                   (no boots)
Stlth   ++........              (no amulet)
HPRegen 0.10/turn               (no ring)
MPRegen 0.15/turn               (no ring)

@: no status effects
A: no striking features
a: no special abilities


You were on level 6 of the Dungeon.
You visited 1 branch of the dungeon, and saw 4 of its levels.

You collected 86 gold pieces.

Inventory:

Hand Weapons
 d - a +1 vampiric dagger (weapon)
 h - a +0 vampiric dagger
Missiles
 b - 36 arrows
 g - 2 curare-tipped darts (quivered)
Armour
 a - a +0 robe (worn)
 e - a +0 pair of gloves (worn)
Scrolls
 f - a scroll of noise {unknown}
 i - a scroll of amnesia {unknown}
 j - 3 scrolls of fear {unknown}
 k - a scroll of blinking {unknown}
 l - 2 scrolls of identify {unknown}
 m - a scroll of teleportation {unknown}
Potions
 c - a potion of curing {unknown}


   Skills:
 + Level 2.6 Dodging
 + Level 3.7 Stealth
 + Level 6.1 Spellcasting
 + Level 6.9 Conjurations


You had 14 spell levels left.
You knew the following spells:

 Your Spells              Type           Power      Damage    Failure   Level
a - Magic Dart            Conj           100%       1d8       1%          1
b - Searing Ray           Conj           84%        2d7       1%          2

Your spell library contained the following spells:

 Spells                   Type           Power      Damage    Failure   Level
 Dazzling Flash           Conj/Hex       50%        N/A       5%          3
 Ensorcelled Hibernation  Hex/Ice        14%        N/A       11%         2
 Fulminant Prism          Conj/Hex       12%        3d9       17%         4
 Iskenderun's Mystic Bla  Conj/Tloc      25%        2d7       17%         4
 Gell's Gravitas          Tloc           7%         N/A       22%         3
 Spider Form              Tmut/Pois      7%         N/A       22%         3
 Teleport Other           Tloc           7%         N/A       22%         3
 Anguish                  Hex/Necr       3%         N/A       58%         4
 Dispersal                Tloc           3%         N/A       100%        6


Dungeon Overview and Level Annotations

Branches:
Dungeon (3/15)

Altars:
Zin

Shops:
D:1 =   D:3 [

Annotations:
D:3 1 runed translucent door, Crazy Yiuf


Message History

Found 5 gold pieces.
An orc comes into view. It is wielding a +0 mace.
An orc priest comes into view. It is wielding a +0 club.
The orc warrior closely misses you.
An orc comes into view.
It is wielding a +0 flail and quivering boomerangs of dispersal.
The orc shouts!
A centaur zombie comes into view.
Found 13 gold pieces.
The orc throws a boomerang of dispersal.
The boomerang of dispersal hits you but does no damage.
The orc priest miscasts a cantrip.
The orc throws a boomerang of dispersal.
The boomerang of dispersal closely misses you.
The orc priest miscasts a cantrip.
Casting: Searing Ray (safe; 1% risk of failure)
Confirm with . or Enter, or press ? or * to list all spells.
Aiming: Searing Ray (safe; 1% risk of failure)
Press: ? - help, Shift-Dir - straight line, f - orc
Aim: an orc, wielding a +0 mace (82% to hit)
The searing ray hits the orc warrior.
The orc warrior is moderately wounded.
The searing ray misses the orc. (Press . to maintain the ray.)
The orc priest calls down the wrath of Beogh upon you.
Beogh smites you!
The searing ray hits the orc warrior.
The orc warrior is moderately wounded.
The searing ray hits the orc.
The orc is almost dead.
The orc warrior hits you from afar with a +0 trident!
* * * LOW HITPOINT WARNING * * *
The orc priest looks braver for a moment.
The orc warrior hits you from afar with a +0 trident.
* * * LOW HITPOINT WARNING * * *
The orc priest looks braver for a moment.
Found a stone staircase leading down.
A gnoll comes into view. It is wielding a +0 halberd.
A gnoll comes into view. It is wielding a +3 spear.
The gnoll hits you from afar with a +0 halberd!
You die...

##.## .# #...#
.. #...##.
###.....
##......
#......####
#...>....#..
###@.......
###.#..g......
##...........g.
#..............
###...o......#
#...o.....##
######..o.....#
#...###.o..##..
#....###....#..


You could see an orc warrior, an orc priest, 2 gnolls and 2 orcs.

Vanquished Creatures
  Grinder (D:3)
  A black bear (D:3)
  2 adders (D:2)
  4 gnolls (D:3)
  A worm (D:2)
  A dart slug (D:1)
  5 endoplasms
  3 giant cockroaches
  5 goblins
  3 hobgoblins
  4 jackals (D:1)
  4 quokkas
  8 ball pythons
  4 bats
  4 frilled lizards
  6 kobolds
  5 rats
61 creatures vanquished.

Notes
Turn   | Place    | Note
-------+----------+-------------------------------------------
     0 | D:1      | dranuc9 the Deep Elf Conjurer began the quest for the Orb.
     0 | D:1      | Reached XP level 1. HP: 10/10 MP: 6/6
   224 | D:1      | Found Ryoblec's Jewellery Shop.
   302 | D:1      | Reached XP level 2. HP: 15/15 MP: 6/8
   378 | D:1      | Reached skill level 5 in Conjurations
   724 | D:1      | Reached XP level 3. HP: 17/19 MP: 0/9
  1036 | D:1      | Learned a level 2 spell: Searing Ray
  1589 | D:2      | Found a glowing silver altar of Zin.
  1729 | D:2      | Reached XP level 4. HP: 24/24 MP: 4/11
  2253 | D:3      | Found a runed translucent door.
  2254 | D:3      | Noticed Crazy Yiuf
  2269 | D:3      | Found Nuyri's Antique Armour Boutique.
  2297 | D:3      | Noticed a black bear
  2320 | D:3      | Killed a black bear
  2321 | D:3      | Reached XP level 5. HP: 28/28 MP: 7/14
  2464 | D:3      | Reached skill level 5 in Spellcasting
  2689 | D:3      | Noticed Grinder
  2703 | D:3      | Paralysed by Grinder for 3 turns
  2713 | D:3      | Killed Grinder
  2714 | D:3      | Reached XP level 6. HP: 32/32 MP: 3/17
  2849 | D:3      | You fall into a shaft and drop 3 floors!
  2852 | D:6      | Noticed an orc warrior
  2892 | D:6      | Slain by a gnoll

Illustrated notes

Levels and vault maps discovered:
D:1:      giann_wishing_wells, layout_loops_cross, serial_shops,
          nicolae_diamond_shop
D:2:      layout_basic, basic_altar, st_stairs_2
D:3:      layout_basic, serial_shops, nicolae_shop_behind_doors,
          nicolae_ecumenical_snake_handling, serial_bayou_pond_e, uniq_robin,
          uniq_crazy_yiuf_cottage, uniq_grinder
D:6:      layout_cave_pools, minmay_temple_entry_crystal_x, eino_tiny_chamber,
          uniq_edmund

Skill      XL: |  1  2  3  4  5 |
---------------+----------------+-----
Conjurations   | 5 6 |  6.9
Spellcasting   | 4 6 |  6.1
Stealth        | 3 |  3.7
Dodging        | |  2.6

Action                   |  1- 3 |  4- 6 || total
-------------------------+-------+-------++-------
 Cast: Magic Dart        |    73 |    20 ||    93
       Searing Ray       |     8 |     9 ||    17
Armor: Robe              |     3 |     1 ||     4
Dodge: Dodged            |     7 |     3 ||    10
